 Dungeon Crawl Stone Soup version 0.28.0 (webtiles) character file.

Game seed: 3177907692823637889

682 Strat the Ruffian (level 7, -1/67 HPs)
             Began as a Troll Hunter on Feb 12, 2022.
             Slain by a centaur skeleton (3 damage)
             ... on level 5 of the Dungeon.
             The game lasted 00:09:36 (2432 turns).

Strat the Ruffian (Troll Hunter)                    Turns: 2432, Time: 00:09:36

Health: -1/67      AC:  6    Str: 23    XL:     7   Next: 34%
Magic:  6/6        EV:  9    Int:  7    God:
Gold:   106        SH:  0    Dex: 10    Spells: 6/6 levels left

rFire   . . .      SeeInvis .     - Unarmed
rCold   . . .      Faith    .   (no shield)
rNeg    . . .      Spirit   .   b - +1 robe
rPois   .          Reflect  .   (helmet restricted)
rElec   .          Harm     .   j - +0 cloak
rCorr   .          Rampage  .   (gloves unavailable)
Will    .....                   (boots unavailable)
Stlth   +.........              i - amulet of regeneration
HPRegen 1.81/turn               o - ring of flight
MPRegen 0.10/turn               (no ring)

@: flying
A: large, unfitting armour, claws 3, regeneration 1, shaggy fur 1, tough skin 1
a: no special abilities


You were on level 5 of the Dungeon.
You visited 1 branch of the dungeon, and saw 5 of its levels.

You collected 106 gold pieces.

Inventory:

Missiles
 a - 7 poisoned darts
 c - 10 large rocks
 d - 3 throwing nets
 e - 90 stones (quivered)
Armour
 b - a +1 robe (worn)
 j - a +0 cloak (worn)
Jewellery
 i - an amulet of regeneration (around neck)
 o - a ring of flight (left claw)
Wands
 h - a wand of flame (22)
Scrolls
 f - 2 scrolls of enchant armour
 l - a scroll of immolation
 m - a scroll of vulnerability
Potions
 g - 3 potions of heal wounds
 k - 2 potions of curing
 n - a potion of flight
 p - a potion of mutation
 q - a potion of ambrosia {unknown}
 r - a potion of attraction {unknown}


   Skills:
 + Level 3.4 Fighting
 - Level 3.6 Throwing
 - Level 1.5 Dodging
 - Level 0.3 Stealth
 + Level 7.0 Unarmed Combat


You had 6 spell levels left.
You didn't know any spells.
Your spell library contained the following spells:

 Spells                   Type           Power      Damage    Failure   Level
 Animate Skeleton         Necr           0%         N/A       43%         1
 Pain                     Necr           0%         1d4       43%         1
 Vampiric Draining        Necr           0%         2d6       80%         3


Dungeon Overview and Level Annotations

Branches:
Dungeon (5/15)
 Temple: D:4-7

Altars:
Sif Muna


Innate Abilities, Weirdness & Mutations

You are too large for most types of armour.
You have claws for hands.
Your natural rate of healing is unusually fast.
You are covered in fur. (AC +1)
You have tough skin. (AC +1)


Message History

c - 10 large rocks (gained 5)
i - an amulet of regeneration You start putting on your amulet.
You continue putting on your amulet of regeneration. x5
You finish putting on your amulet of regeneration.
The amulet cannot attune itself to your injured body.
i - an amulet of regeneration (around neck)
Your amulet attunes itself to your body as you begin to regenerate more quickly.
Found a stone staircase leading down.
Found 14 stones.
e - 73 stones (gained 14)
Found a curved runed staff.
Found a stone staircase leading down.
You see here a staff of poison.
A hound comes into view.
Found 17 stones.
The hound barks!
The hound bites you but does no damage.
You mangle the hound!!
You kill the hound!
e - 90 stones (gained 17)
A worm comes into view.
An ogre comes into view. It is wielding a +0 giant club.
The ogre shouts!
A centaur skeleton comes into view.
The ogre closely misses you.
You mangle the worm!!
You kill the worm!
Found a falchion.
The ogre hits you with a +0 giant club!
You scratch the ogre but do no damage. You claw the ogre.
The ogre is lightly wounded.
The ogre hits you with a +0 giant club!!
* * * LOW HITPOINT WARNING * * *
You scratch the ogre.
The ogre is moderately wounded.
Found a war axe.
The ogre barely misses you.
The ogre hits you with a +0 giant club!!
* * * LOW HITPOINT WARNING * * *
The centaur skeleton hits you.
You die...

##.........# #..........
..........####..........
#...........##..........
#..#......#..#..........
#..#......##.#..........
#.##...#####.#..........
..##.#.# #............
#.##.#.. #..#OZ....###
#.#..##. ##.#.@###.#
....... #....# )# .#..##
........# .....#
........#
.....##.###..#.$.#
........##...#...#
.....#####.. #)...
#....# #. #..## ......#


You could see an ogre and a centaur skeleton.

Vanquished Creatures
  2 necrophages
  A centaur (D:5)
  An ogre (D:4)
  2 scorpions
  A hound (D:5)
  3 gnolls
  7 adders
  A white imp (D:5)
  2 worms
  2 dart slugs
  7 orcs
  11 ball pythons
  5 endoplasms
  4 giant cockroaches
  13 goblins
  6 hobgoblins
  10 jackals
  A quokka (D:4)
  3 bats
  4 frilled lizards
  A jackal skeleton (D:4)
  3 kobolds
  6 rats
96 creatures vanquished.

Notes
Turn   | Place    | Note
-------+----------+-------------------------------------------
     0 | D:1      | Strat the Troll Hunter began the quest for the Orb.
     0 | D:1      | Reached XP level 1. HP: 19/19 MP: 0/0
    95 | D:1      | Reached skill level 1 in Unarmed Combat
   129 | D:1      | Reached XP level 2. HP: 27/27 MP: 1/1
   144 | D:1      | Reached skill level 2 in Unarmed Combat
   247 | D:1      | Found a faded altar of an unknown god.
   426 | D:2      | Reached XP level 3. HP: 32/33 MP: 2/2
   485 | D:2      | Reached skill level 3 in Unarmed Combat
   710 | D:2      | Reached XP level 4. HP: 23/41 MP: 3/3
   719 | D:2      | HP: 2/41 [poisoned by an adder]
   724 | D:2      | HP: 1/41 [hobgoblin (1)]
   754 | D:2      | Reached skill level 4 in Unarmed Combat
  1095 | D:3      | Found a shimmering blue altar of Sif Muna.
  1420 | D:4      | Noticed a scorpion
  1682 | D:4      | Noticed a necrophage
  1707 | D:4      | Killed a necrophage
  1708 | D:4      | Reached skill level 5 in Unarmed Combat
  1708 | D:4      | Reached XP level 5. HP: 36/48 MP: 4/4
  1927 | D:4      | Reached skill level 6 in Unarmed Combat
  1927 | D:4      | Reached XP level 6. HP: 54/57 MP: 5/5
  1972 | D:5      | Entered Level 5 of the Dungeon
  2287 | D:5      | Reached XP level 7. HP: 46/67 MP: 6/6
  2323 | D:5      | Reached skill level 7 in Unarmed Combat
  2432 | D:5      | HP: 2/67 [ogre (30)]
  2432 | D:5      | Slain by a centaur skeleton

Illustrated notes

Levels and vault maps discovered:
D:1:      dpeg_arrival_subterranean_lakeside_camping, layout_loops_ring,
          nicolae_ecumenical_snake_handling
D:2:      layout_basic, eino_tiny_chamber, chequers_serial_rivers_small_3,
          minmay_misc_feat_encased, nicolae_concentric_dashed_squares_wild,
          minmay_hexomino_f4
D:3:      layout_basic, led_sif_book
D:4:      layout_basic
D:5:      layout_rooms, grunt_ministairs_1, minivault_25

Skill      XL: |  1  2  3  4  5  6  7 |
---------------+----------------------+-----
Unarmed Combat | 1 2 3 5 6 7 |  7.0
Fighting       | 3 |  3.4
Throwing       | |  3.6
Dodging        | |  1.5
Stealth        | |  0.3

Action                   |  1- 3 |  4- 6 |  7- 9 || total
-------------------------+-------+-------+-------++-------
Melee: Unarmed           |   133 |   136 |    12 ||   281
       Punch             |     1 |     3 |     1 ||     5
Throw: Stone             |       |     2 |       ||     2
Evoke: Wand              |       |     6 |       ||     6
  Use: Scroll            |       |    12 |       ||    12
       Potion            |       |     3 |       ||     3
Armor: Robe              |    52 |    48 |     2 ||   102
Dodge: Dodged            |    60 |    68 |     2 ||   130
